AoeStats
← SlowBoy

Arabia

510381310Analyzed
1v1 RM · 23h ago on Sep 30, 2026· 33m 41s· 2 players
Game mode
Random Map
Map size
Tiny (2 player)
Population
200
Speed
Normal
Resources
Standard
Victory
Conquest
Starting age
Dark Age
Ending age
Imperial Age
RankedLock teamsTeams togetherTeam positionsShared explorationLock speedFull tech treeHidden civsTurbo modeCheats
Victory
Defeat
🇧🇷 Khmer · Brazil
1758
+13
🇲🇽 Khmer · Mexico
1698
-13
OnashOnyx
5:05 Loom
5:26 Loom
9:01 Feudal Age
9:40 Double-Bit Axe
11:06 Horse Collar
11:39 Town Watch
16:21 Bloodlines
21:36 Castle Age
19:58 Gold Mining
21:55 Forging
21:42 Pikeman
21:49 Light Cavalry
23:29 Scale Mail Armor
25:04 Husbandry
26:40 Bow Saw
30:58 Iron Casting
SlowBoy
5:38 Loom
5:58 Loom
9:31 Feudal Age
10:00 Double-Bit Axe
10:06 Horse Collar
13:01 Wheelbarrow
20:09 Castle Age
18:29 Gold Mining
19:36 Bloodlines
19:54 Scale Barding Armor
20:28 Forging
20:51 Husbandry
21:46 Bow Saw
28:26 Chain Barding Armor
31:08 Iron Casting
32:22 Light Cavalry
Connection lost

Rejoining the realm…

Still unreachable

The connection could not be restored.

Session expired

The server has moved on; the page needs a fresh start.